 Dungeon Crawl Stone Soup version 0.26-a0-540-g8a0c9464d7 (webtiles) character file.

Game seed: 1646372802931996845

450 Apogee the Shield-Bearer (level 7, -5/44 HPs)
             Began as a Gargoyle Fighter on Aug 17, 2020.
             Slain by an ogre
             ... wielding a +0 giant spiked club
              (21 damage)
             ... on level 4 of the Dungeon.
             The game lasted 00:05:27 (3778 turns).

Apogee the Shield-Bearer (Gargoyle Fighter)         Turns: 3778, Time: 00:05:28

Health: -5/44      AC: 14    Str: 21    XL:     7   Next: 4%
Magic:  7/7        EV:  7    Int:  9    God:
Gold:   227        SH:  9    Dex:  9    Spells: 6/6 levels left

rFire    . . .     SeeInvis .   r - +0 club
rCold    . . .     Faith    .   c - +0 kite shield
rNeg     + . .     Spirit   .   b - +0 scale mail
rPois    ∞         Reflect  .   (no helmet)
rElec    +         Harm     .   n - +1 cloak
rCorr    .                      (no gloves)
MR       .....                  (no boots)
Stlth    ..........             (no amulet)
HPRegen  0.14/turn              (no ring)
MPRegen  0.10/turn              (no ring)

@: mighty
A: negative energy resistance 1, electricity resistance, unbreathing,
petrification resistance, rot immunity, AC +4
a: no special abilities


You were on level 4 of the Dungeon.
You visited 1 branch of the dungeon, and saw 4 of its levels.

You collected 227 gold pieces.

Inventory:

Hand Weapons
 a - a +0 flail
 r - a +0 club (weapon)
   (You took it off a hobgoblin on level 3 of the Dungeon)
 w - a +0 hunting sling
   (You found it on level 3 of the Dungeon)
Missiles
 i - 111 stones (quivered)
 x - 14 poisoned darts
Armour
 b - a +0 scale mail (worn)
 c - a +0 kite shield (worn)
 n - a +1 cloak (worn)
   (You found it on level 2 of the Dungeon)
Jewellery
 j - a cursed -4 ring of evasion {unknown}
   (You found it on level 1 of the Dungeon)
 m - an uncursed ring of wizardry {unknown}
   (You found it on level 2 of the Dungeon)
 p - an uncursed ring of see invisible {unknown}
   (You found it on level 2 of the Dungeon)
 q - an uncursed ring of poison resistance {unknown}
   (You found it on level 2 of the Dungeon)
Scrolls
 e - 4 scrolls of identify {unknown}
 f - 2 scrolls of remove curse {unknown}
 g - 5 scrolls of teleportation {unknown}
 l - 2 scrolls of immolation {unknown}
 s - 4 scrolls of enchant armour {unknown}
 t - a scroll of fear {unknown}
Potions
 h - 2 potions of degeneration {unknown}
 k - 2 potions of curing {unknown}
 o - a potion of haste {unknown}
 u - 2 potions of heal wounds {unknown}
 v - a potion of brilliance {unknown}


   Skills:
 + Level 4.7 Fighting
 * Level 4.8 Maces & Flails
 + Level 4.7 Armour
 + Level 4.8 Shields


You had 6 spell levels left.
You didn't know any spells.
Your spell library was empty.

Dungeon Overview and Level Annotations

Branches:
Dungeon (4/15)
 Temple: D:4-7

Altars:
Uskayaw


Innate Abilities, Weirdness & Mutations

You are resistant to torment.
Your stone body is resilient. (AC +4)
You are immune to poison.
You resist negative energy. (rN+)
You are resistant to electric shocks. (rElec)
You can survive without breathing.
You are immune to petrification.
You are immune to rotting.


Message History

Found a scroll labeled WIFOYTOOMO.
g - 5 scrolls labeled WIFOYTOOMO (gained 1)
An ogre comes into view. It is wielding a +0 giant spiked club.
The ogre shouts!
An ogre is nearby!
Throwing (i - inventory)
i - 92 stones (quivered)
Aim: an ogre, wielding a +0 giant spiked club
Okay, then.
You aren't carrying any items that you can evoke.
Unknown command.
You see here a +0 giant spiked club.
There is a stone staircase leading up here.
You climb upwards.
There is a stone staircase leading down here.
You climb downwards.
There is a stone staircase leading up here.
You climb upwards.
There is a stone staircase leading down here.
You see here a +1 spear of flaming.
There is a stone staircase leading down here.
You climb downwards.
There is a stone staircase leading up here.
Found a hunting sling.
Found 19 stones and 20 arrows.
Found 13 gold pieces.
Found a stone staircase leading down.
i - 111 stones (gained 19)
You now have 227 gold pieces (gained 13).
There is a stone staircase leading down here.
Found 14 poisoned darts.
Found a scroll labeled JYJUSEHOTZOI.
Unknown command.
You see here 14 poisoned darts.
x - 14 poisoned darts
Found a stone staircase leading down.
e - 4 scrolls labeled JYJUSEHOTZOI (gained 1)
There is a stone staircase leading down here.
An ogre is nearby!
You catch the helpless ogre completely off-guard!
You hit the ogre.
The ogre hits you with a +0 giant spiked club!!
Ouch! That really hurt!
* * * LOW HITPOINT WARNING * * *
You aren't carrying any items that you can evoke.
You feel very mighty all of a sudden.
The ogre hits you with a +0 giant spiked club.
* * * LOW HITPOINT WARNING * * *
Unknown command.
You hit the ogre.
The ogre hits you with a +0 giant spiked club!!
You die...

### ############ ## ..##
#.O<........
#.###.####)#####.####
#.#.O......# #.# #
#.#.#.###### #.#
#####...#### #.#
#....###O..# ## #.#
##.###.#@##.###.# #.# #
#..............#.###.####
#..####.###.......##.....
#..# #.# ###.#.##>†###
#..# #.##### #.......#
####O.# #..>..# ###.....#
#.....# #####.# #######
######.###.# #.#
...........# #.#


You could see an ogre.

Vanquished Creatures
  2 ogres (D:4)
  A howler monkey (D:3)
  An orc priest (D:2)
  A worker ant (D:3)
  4 gnolls (D:3)
  7 adders
  An ooze (D:3)
  3 worms
  A dart slug (D:2)
  4 leopard geckos
  8 orcs
  3 ball pythons
  4 bats (D:1)
  5 giant cockroaches
  6 goblins
  8 hobgoblins
  2 jackals (D:2)
  A quokka (D:2)
  10 frilled lizards
  2 kobolds (D:2)
  6 rats
80 creatures vanquished.

Notes
Turn   | Place    | Note
-------+----------+-------------------------------------------
     0 | D:1      | Apogee the Gargoyle Fighter began the quest for the Orb.
     0 | D:1      | Reached XP level 1. HP: 14/14 MP: 1/1
   222 | D:1      | Reached XP level 2. HP: 17/19 MP: 2/2
   845 | D:2      | Reached XP level 3. HP: 23/23 MP: 3/3
  1116 | D:2      | Reached XP level 4. HP: 28/29 MP: 4/4
  2033 | D:3      | Reached XP level 5. HP: 29/33 MP: 5/5
  2096 | D:3      | Found a hide-covered altar of Uskayaw.
  2624 | D:3      | Reached XP level 6. HP: 28/38 MP: 6/6
  3422 | D:3      | Reached XP level 7. HP: 20/44 MP: 7/7
  3778 | D:4      | Slain by an ogre

Illustrated notes

Levels and vault maps discovered:
D:1:      minmay_arrival_stair_chambers, layout_basic
D:2:      layout_loops_cross, minmay_lizard_pond
D:3:      layout_rooms, eat_drink_and_be_merry_uskayaw
D:4:      layout_loops_ring

Skill      XL: |  1  2  3  4  5 |
---------------+----------------+-----
Maces & Flails | 3 4 |  4.8
Shields        | 4 |  4.8
Fighting       | 4 |  4.7
Armour         | 4 |  4.7

Action                   |  1- 3 |  4- 6 |  7- 9 || total
-------------------------+-------+-------+-------++-------
Melee: Flail             |   107 |   169 |       ||   276
       Club              |       |   165 |     5 ||   170
Throw: Throwing net      |       |     4 |       ||     4
  Use: Potion            |       |       |     1 ||     1
 Stab: Held in net/web   |       |     2 |       ||     2
       Distracted        |       |       |     1 ||     1
Armor: Scale mail        |    46 |   245 |     1 ||   292
Dodge: Dodged            |    40 |   137 |       ||   177
Block: Kite shield       |    58 |   223 |     1 ||   282

Table legend: (Time is in decaauts)
 A = Elapsed time spent in this place.
 B = Non-inter-level travel time spent in this place.
 C = Inter-level travel time spent in this place.
 D = Time resting spent in this place.
 E = Time spent auto-exploring this place.
 F = Levels seen in this place.
 G = Mean time per level.
                   A        B        C        D        E       F      G
               +--------+--------+--------+--------+--------+-----+--------+
         Total |   3902 |   3813 |     89 |    734 |   2110 |   4 |  975.5 |
       Dungeon |   3902 |   3813 |     89 |    734 |   2110 |   4 |  975.5 |
               +--------+--------+--------+--------+--------+-----+--------+

Top non-repeatable levels by time:
     D:2: 1304 daAuts
     D:3: 1156 daAuts
     D:1: 738 daAuts
     D:4: 703 daAuts
